 Dungeon Crawl Stone Soup version 0.21-a0-223-g812f45e (webtiles) character file.

24 rin1221 the Digger (level 3, -5/20 HPs)
             Began as a Gargoyle Earth Elementalist on Aug 28, 2017.
             Slain by Sigmund
             ... wielding a +1 vampiric scythe
              (10 damage)
             ... on level 2 of the Dungeon.
             The game lasted 00:03:06 (1353 turns).

rin1221 the Digger (Gargoyle Earth Elementalist)    Turns: 1353, Time: 00:03:06

Health: -5/20      AC:  7    Str: 11    XL:     3   Next: 2%
Magic:  0/6        EV: 12    Int: 16    God:
Gold:   53         SH:  0    Dex: 10    Spells: 0/6 levels left

rFire    . . .     SeeInvis .   j - +0 club
rCold    . . .     Gourm    .   (no shield)
rNeg     + . .     Faith    .   n - +1 robe (curse)
rPois    ∞         Spirit   .   (no helmet)
rElec    +         Reflect  .   (no cloak)
rCorr    .         Harm     .   (no gloves)
MR       .....                  k - +0 pair of boots
Stlth    ++........             (no amulet)
HPRegen  0.06/turn              (no ring)
MPRegen  0.10/turn              (no ring)

@: no status effects
A: negative energy resistance 1, electricity resistance, unbreathing,
petrification resistance, rot immunity, AC +3
a: no special abilities


You were on level 2 of the Dungeon.
You were very hungry.

You visited 1 branch of the dungeon, and saw 2 of its levels.

You collected 53 gold pieces.

Inventory:

Hand Weapons
 i - a +1 spear of venom
 j - a +0 club (weapon)
Missiles
 b - 50 stones (quivered)
Armour
 g - a +0 leather armour
 k - a +0 pair of boots (worn)
 n - a cursed +1 robe (worn)
Potions
 c - a potion of invisibility {unknown}
 h - 2 potions of lignification {unknown}
 o - a potion of might {unknown}
 p - 2 potions of haste {unknown}
Books
 e - a book of Geomancy

   Spells                             Type                      Level
   a - Sandblast                      Earth                        1
   b - Passwall                       Transmutation/Earth          2
   c - Stone Arrow                    Conjuration/Earth            3
   d - Petrify                        Transmutation/Earth          4
   e - Lee's Rapid Deconstruction     Earth                        5
 f - a book of Changes

   Spells                             Type                      Level
   a - Beastly Appendage              Transmutation                1
   b - Sticks to Snakes               Transmutation                2
   c - Spider Form                    Transmutation/Poison         3
   d - Ice Form                       Ice/Transmutation            4
   e - Blade Hands                    Transmutation                5
Comestibles
 a - 2 fruits
 d - 2 bread rations


   Skills:
 + Level 1.2 Fighting
 * Level 2.1 Dodging
 - Level 2.1 Stealth
 * Level 2.2 Spellcasting
 + Level 0.0 Conjurations
 + Level 1.0 Transmutations
 + Level 3.7 Earth Magic


You couldn't memorise any spells.
You knew the following spells:

 Your Spells              Type           Power        Failure   Level  Hunger
a - Sandblast             Erth           ##....       4%          1    #......
b - Passwall              Tmut/Erth      #.........   12%         2    ###....
c - Stone Arrow           Conj/Erth      #.....       28%         3    ###....


Dungeon Overview and Level Annotations

Branches:
Dungeon (2/15)

Altars:

Annotations:
D:2 Sigmund


Innate Abilities, Weirdness & Mutations

You are resistant to torment.
Your stone body is resilient. (AC +3)
You are immune to poison.
You resist negative energy. (rN+)
You are resistant to electric shocks. (rElec)
You can survive without breathing.
You are immune to petrification.
You are immune to rotting.


Message History

b - 52 stones Something barely misses you.
Casting: Sandblast
Confirm with . or Enter, or press ? or * to list all spells.
Aiming: Sandblast
Press: ? - help, Shift-Dir - straight line The blast of sand hits something.
b - 51 stones Something hits you!
Casting: Sandblast
Confirm with . or Enter, or press ? or * to list all spells.
Aiming: Sandblast
Press: ? - help, Shift-Dir - straight line The blast of sand hits something.
b - 50 stones Something hits you.
* * * LOW HITPOINT WARNING * * *
You miss something. Something hits you!
Ouch! That really hurt!
You die...

#######.##############.
.........................
......##.########.####...
......... #.# ##..
.......## ###.## #..
..... #....####.. .....
#.#........
####.########.#...####.
#.{@.......#...# ##
##############.# .. ..#
.# ### # # # . .#


There were no monsters in sight!

Vanquished Creatures
  An adder (D:2)
  A leopard gecko (D:1)
  A goblin (D:2)
  3 hobgoblins (D:1)
  4 bats (D:1)
  A kobold (D:2)
  4 rats (D:1)
15 creatures vanquished.

Notes
Turn   | Place    | Note
-------+----------+-------------------------------------------
     0 | D:1      | rin1221 the Gargoyle Earth Elementalist began the quest for the Orb.
     0 | D:1      | Reached XP level 1. HP: 10/10 MP: 3/3
   367 | D:1      | Reached XP level 2. HP: 1/16 MP: 0/5
   371 | D:1      | Learned a level 2 spell: Passwall
  1240 | D:2      | Reached skill level 1 in Fighting
  1274 | D:2      | Reached skill level 1 in Transmutations
  1274 | D:2      | Reached XP level 3. HP: 14/20 MP: 6/6
  1279 | D:2      | Learned a level 3 spell: Stone Arrow
  1343 | D:2      | Noticed Sigmund
  1353 | D:2      | Slain by Sigmund

Vault maps used:
D:1:      kilobyte_arrival_exit_the_forest, hangedman_decor_riveting
D:2:      uniq_jessica, uniq_crazy_yiuf_cottage, uniq_sigmund

Skill      XL: |  1  2 |
---------------+-------+-----
Fighting       | 1 |  1.2
Dodging        | 2 |  2.1
Transmutations | 1 |  1.0
Stealth        | |  2.1
Spellcasting   | |  2.2
Earth Magic    | |  3.7

Action                   || total
-------------------------++-------
Melee: Club              ||    42
       Unarmed           ||     2
 Cast: Sandblast         ||    11
  Use: Scroll            ||     3
 Stab: Sleeping          ||     3
Armor: Robe              ||    27
Dodge: Dodged            ||    44

Table legend:
 A = Spawn XP
 B = Non-spawn XP
 C = Spawn XP percentage of total XP
 D = Spawn monster count
 E = Non-spawn monster count
 F = Spawn count percentage of total count
 G = Total turns spent on level
                    A         B        C        D         E        F      G
               +---------+---------+-------+---------+---------+-------+---------
         Total |       3 |      32 |   8.6 |       1 |      14 |   6.7 |  1353
               +---------+---------+-------+---------+---------+-------+---------
           D:1 |       3 |      16 |  15.8 |       1 |      11 |   8.3 |  1228
           D:2 |       0 |      16 |   0.0 |       0 |       3 |   0.0 |   125
               +---------+---------+-------+---------+---------+-------+---------
